 Dungeon Sprint DCSS version 0.28.0-53-g5a82cb258f (webtiles) character file.

Game seed: 7178165165476463114

5387 Zeld the Thaumaturge (level 10, -3/72 HPs)
             Began as a Deep Elf Conjurer on May 29, 2022.
             Was a High Priest of Vehumet.
             Slain by a spriggan defender
             ... wielding a +0 rapier of flaming
              (26 damage)
             ... in the Dungeon (Sprint IV: "Fedhas' Mad Dash").
             The game lasted 00:05:34 (2879 turns).

Zeld the Thaumaturge (Deep Elf Conjurer)            Turns: 2879, Time: 00:05:35

Health: -3/72      AC:  2    Str:  4    XL:     10   Next: 39%
Magic:  11/30      EV: 16    Int: 34    God:    Vehumet [*****.]
Gold:   88         SH:  0    Dex: 13    Spells: 13/38 levels left

rFire   . . .      SeeInvis .   (no weapon)
rCold   . . .      Faith    .   (no shield)
rNeg    . . .      Spirit   .   a - +0 robe
rPois   .          Reflect  .   (no helmet)
rElec   .          Harm     .   (no cloak)
rCorr   .          Rampage  .   (no gloves)
Will    +....      NoTele   +   (no boots)
Stlth   ++++......              i - amulet of invisibility {+Inv}
HPRegen 0.22/turn               h - +6 ring of intelligence
MPRegen 0.22/turn               m - ring of flight

@: flying
A: no striking features
a: Renounce Religion, Evoke Invisibility


You were in the Dungeon.
You worshipped Vehumet.
Vehumet was extremely pleased with you.
You visited 1 branch You collected 240 gold pieces.
You spent 152 gold pieces at shops.

Inventory:

Armour
 a - a +0 robe (worn)
Jewellery
 h - a +6 ring of intelligence (left hand)
 i - the amulet of invisibility (around neck) {+Inv}
   (You found it in the Dungeon)

   [amulet of nothing]

   +Inv:      It lets you turn invisible.
 m - a ring of flight (right hand)
Scrolls
 g - a scroll of blinking
 j - 3 scrolls of identify
 k - a scroll of amnesia
 l - a scroll of fear
Potions
 b - a potion of curing
 c - a potion of heal wounds
 d - 2 potions of haste
 f - a potion of berserk rage


   Skills:
 + Level 12.6 Fighting
 + Level 10.0 Dodging
 + Level 10.3 Stealth
 * Level 14.8 Spellcasting
 * Level 14.0 Conjurations
 - Level 2.0 Hexes
 - Level 2.0 Translocations


You had 13 spell levels left.
You knew the following spells:

 Your Spells              Type           Power      Damage    Failure   Level
a - Magic Dart            Conj           100%       1d8       0%          1
b - Searing Ray           Conj           100%       2d8       0%          2
c - Fulminant Prism       Conj/Hex       34%        3d16      1%          4
d - Iskenderun's Mystic   Conj/Tloc      68%        2d14      1%          4
e - Lightning Bolt        Conj/Air       32%        1d49      1%          5
f - Iskenderun's Battles  Conj           88%        2d14      1%          5
z - Cause Fear            Hex            19%        N/A       7%          4

Your spell library contained the following spells:

 Spells                   Type           Power      Damage    Failure   Level
 Dazzling Flash           Conj/Hex       100%       N/A       1%          3
 Inner Flame              Hex/Fire       31%        N/A       1%          3
 Discord                  Hex            19%        N/A       100%        8


Dungeon Overview and Level Annotations

Branches:
Dungeon (1/1)

Altars:
Cheibriados
Dithmenos
Elyvilon
Gozag
Hepliaklqana
Kikubaaqudgha
Makhleb
Nemelex Xobeh
Okawaru
Qazlal
Ru
Sif Muna
Trog
Uskayaw
Vehumet
Wu Jian
Xom
Yredelemnul
Zin
The Shining One
Beogh
Jiyva
Lugonu

Shops:
D ???[

Annotations:
D Agnes


Message History

Unknown command.
Casting: Lightning Bolt (dangerous; 1% risk of failure)
Confirm with . or Enter, or press ? or * to list all spells.
You don't have enough magic to cast this spell.
Magic courses through your body.
The spriggan berserker barely misses you.
Casting: Lightning Bolt (dangerous; 1% risk of failure)
Confirm with . or Enter, or press ? or * to list all spells.
Aiming: Lightning Bolt (dangerous; 1% risk of failure)
Press: ? - help, Shift-Dir - straight line You hear a mighty clap of thunder!
The bolt of lightning hits the spriggan berserker!!!
The spriggan berserker is heavily wounded.
The bolt of lightning misses Agnes.
The spriggan berserker barely misses you.
The spriggan berserker hits you with a +0 war axe!!!
Ouch! That really hurt!
Unknown command.
Casting: Lightning Bolt (dangerous; 1% risk of failure)
Confirm with . or Enter, or press ? or * to list all spells.
You erupt in a blast of force!
The mystic blast hits Agnes!!
Agnes is moderately wounded.
Agnes is knocked back by the mystic blast.
The mystic blast hits the spriggan berserker!
The spriggan berserker is severely wounded.
The spriggan berserker is knocked back by the mystic blast.
A spriggan defender comes into view. It is wielding a +0 rapier of flaming.
Unknown command.
Casting: Iskenderun's Mystic Blast (safe; 1% risk of failure)
Confirm with . or Enter, or press ? or * to list all spells.
Aiming: Lightning Bolt (dangerous; 1% risk of failure)
Press: ? - help, Shift-Dir - straight line, f - Agnes
Aim: Agnes, wielding a +1 lajatang of electrocution and wearing a +0 robe (lightly wounded, 29% to hit)
You hear a mighty clap of thunder!
The bolt of lightning misses the spriggan defender.
The bolt of lightning misses the spriggan berserker.
The bolt of lightning misses Agnes.
The bolt of lightning hits Agnes!
Agnes is moderately wounded.
The spriggan defender hits you with a +0 rapier of flaming!!
You die...

############################***
⌠._._._._.⌠.#..').)#....##∩#*,*
._._._._._..'..#...#....'.|#*+*
.._._._._...#..###'##.([##∩#,,***
._._._._._..#.)##∩∩.'...####*,,,,
_._._._._.⌠.#############****,,,∩
#################.....)###..,,,*,
♣♣....♣.###.ii.i@....(.'.'..,*,,∩
.).....♣##..#..#.......#####*****
.♣♣♣.♣..###.##'##......#
♣.[♣...♣'...#♣.♣########
#############.i.,,**** ,,,,*
***,,♣..*,,,,***
,,,,*****,,,*...,,,*,,,****
,,,,,,,,,,,,,♣...,,∩,∩,,,,*
,,,,,,*********************


You could see Agnes, a spriggan defender and a spriggan berserker (berserk,
regenerating, strong-willed).

Vanquished Creatures
  A spriggan druid (D)
  6 oklob plants (D)
  A demonic crawler (D)
  A queen bee (D)
  2 burning bushes (D)
  3 wandering mushrooms (D)
  A hornet (D)
  3 scorpions (D)
  4 killer bees (D)
  5 oklob saplings (D)
  5 spriggans (D)
  A river rat (D)
  A rat (D)
  A ballistomycete spore (D)
35 creatures vanquished.

Vanquished Creatures (others)
  A burning bush (D)
  10 fulminant prisms (D)
  2 fungi (D)
13 creatures vanquished.

Grand Total: 48 creatures vanquished

Notes
Turn   | Place    | Note
-------+----------+-------------------------------------------
     0 | D        | Zeld the Deep Elf Conjurer began the quest for the Orb.
     0 | D        | Reached XP level 1. HP: 10/10 MP: 6/6
    11 | D        | Reached skill level 5 in Conjurations
    11 | D        | Reached XP level 2. HP: 15/15 MP: 1/9
   101 | D        | Learned a level 2 spell: Searing Ray
   105 | D        | Noticed an oklob sapling
   106 | D        | Killed an oklob sapling
   107 | D        | Reached XP level 3. HP: 19/19 MP: 8/13
   318 | D        | Noticed a scorpion
   318 | D        | Found the amulet of invisibility {+Inv}
   320 | D        | Killed a scorpion
   321 | D        | Reached XP level 4. HP: 24/24 MP: 10/16
   501 | D        | Learned a level 4 spell: Fulminant Prism
   506 | D        | Learned a level 4 spell: Iskenderun's Mystic Blast
   528 | D        | Found an opulent altar of Gozag.
   528 | D        | Found a hazy altar of Hepliaklqana.
   528 | D        | Found a snail-covered altar of Cheibriados.
   529 | D        | Found a viscous altar of Jiyva.
   529 | D        | Found a burning altar of Makhleb.
   529 | D        | Found a sparkling altar of Nemelex Xobeh.
   529 | D        | Found a sacrificial altar of Ru.
   529 | D        | Found a shimmering blue altar of Sif Muna.
   529 | D        | Found a bloodstained altar of Trog.
   529 | D        | Found an ornate altar of the Wu Jian Council.
   529 | D        | Found a shimmering altar of Xom.
   529 | D        | Found a basalt altar of Yredelemnul.
   531 | D        | Found an iron altar of Okawaru.
   531 | D        | Found a shadowy altar of Dithmenos.
   531 | D        | Found a glowing silver altar of Zin.
   532 | D        | Found an ancient bone altar of Kikubaaqudgha.
   532 | D        | Found a hide-covered altar of Uskayaw.
   533 | D        | Found a stormy altar of Qazlal.
   533 | D        | Found a glowing golden altar of the Shining One.
   533 | D        | Found a white marble altar of Elyvilon.
   534 | D        | Found a radiant altar of Vehumet.
   534 | D        | Found a corrupted altar of Lugonu.
   542 | D        | Became a worshipper of Vehumet
   548 | D        | Reached skill level 10 in Spellcasting
   548 | D        | Reached XP level 5. HP: 28/28 MP: 10/19
   656 | D        | Reached * piety under Vehumet
   656 | D        | Offered knowledge of Freeze by Vehumet.
   660 | D        | Reached skill level 10 in Conjurations
   660 | D        | Reached XP level 6. HP: 29/32 MP: 13/23
   713 | D        | Found Syobboal's Magic Scroll Shop.
   713 | D        | Found Geduinar's Magic Scroll Emporium.
   717 | D        | Bought 2 scrolls of identify for 40 gold pieces
   717 | D        | Bought a scroll of amnesia for 35 gold pieces
   718 | D        | Bought a scroll of fear for 42 gold pieces
   820 | D        | Noticed a burning bush
   820 | D        | Noticed a wandering mushroom
  1175 | D        | Noticed a wandering mushroom
  1176 | D        | Reached ** piety under Vehumet
  1176 | D        | Offered knowledge of Sandblast by Vehumet.
  1177 | D        | Reached skill level 1 in Fighting
  1179 | D        | Killed a burning bush
  1180 | D        | Reached skill level 5 in Stealth
  1180 | D        | Reached XP level 7. HP: 30/42 MP: 9/24
  1182 | D        | Killed a wandering mushroom
  1183 | D        | Reached skill level 5 in Fighting
  1183 | D        | Reached skill level 5 in Dodging
  1183 | D        | Killed a wandering mushroom
  1184 | D        | Reached XP level 8. HP: 38/52 MP: 5/26
  1299 | D        | Found Lusch's Antique Armour Emporium.
  1299 | D        | Found Lusidy's Magic Scroll Shoppe.
  1346 | D        | Noticed a queen bee
  1351 | D        | Offered knowledge of Conjure Flame by Vehumet.
  1351 | D        | Reached *** piety under Vehumet
  1357 | D        | Killed a queen bee
  1428 | D        | Noticed an oklob plant
  1616 | D        | Killed an oklob plant
  1616 | D        | Reached **** piety under Vehumet
  1616 | D        | Offered knowledge of Frozen Ramparts by Vehumet.
  1682 | D        | Noticed a burning bush
  1695 | D        | Killed a burning bush
  1696 | D        | Reached skill level 10 in Fighting
  1696 | D        | Reached XP level 9. HP: 30/63 MP: 12/27
  1902 | D        | Bought a scroll of magic mapping for 35 gold pieces
  1942 | D        | Noticed a burning bush
  1942 | D        | Noticed an oklob plant
  2130 | D        | Noticed a wandering mushroom
  2135 | D        | Killed a wandering mushroom
  2135 | D        | Offered knowledge of Lightning Bolt by Vehumet.
  2136 | D        | Killed a burning bush
  2140 | D        | Killed an oklob plant
  2140 | D        | Reached ***** piety under Vehumet
  2147 | D        | Learned a level 5 spell: Lightning Bolt
  2226 | D        | Noticed a spriggan druid
  2236 | D        | Killed a spriggan druid
  2236 | D        | Offered knowledge of Iskenderun's Battlesphere by Vehumet.
  2243 | D        | Learned a level 5 spell: Iskenderun's Battlesphere
  2566 | D        | Noticed an oklob plant conjurer
  2568 | D        | Killed an oklob plant conjurer
  2578 | D        | Learned a level 4 spell: Cause Fear
  2645 | D        | Noticed an oklob plant
  2645 | D        | Noticed an oklob plant summoner
  2759 | D        | Killed an oklob plant
  2759 | D        | Killed an oklob plant summoner
  2760 | D        | Reached XP level 10. HP: 72/72 MP: 17/29
  2762 | D        | Noticed an oklob plant shifter
  2824 | D        | Killed an oklob plant shifter
  2863 | D        | Noticed a spriggan rider
  2870 | D        | Reached skill level 10 in Stealth
  2871 | D        | Noticed a spriggan berserker
  2871 | D        | Noticed Agnes
  2875 | D        | Reached skill level 10 in Dodging
  2878 | D        | Noticed a spriggan defender
  2879 | D        | Slain by a spriggan defender

Illustrated notes

Levels and vault maps discovered:
D:        dungeon_sprint_fedhas [sprint_temple]

Skill      XL: |  1  2  3  4  5  6  7  8  9 10 |
---------------+-------------------------------+-----
Spellcasting   | 4 6 8 10 12 13 14 | 14.8
Conjurations   | 5 6 8 9 10 11 12 13 14 | 14.0
Hexes          | 2 |  2.0
Translocations | 2 |  2.0
Fighting       | 3 6 10 12 | 12.6
Dodging        | 4 6 8 9 10 | 10.0
Stealth        | 5 7 8 9 10 | 10.3

Action                   |  1- 3 |  4- 6 |  7- 9 | 10-12 || total
-------------------------+-------+-------+-------+-------++-------
Melee: Unarmed           |    10 |       |       |       ||    10
 Cast: Magic Dart        |     7 |       |       |       ||     7
       Searing Ray       |     2 |     6 |    17 |     2 ||    27
       Iskenderun's Myst |       |     2 |     8 |     6 ||    16
       Fulminant Prism   |       |     3 |     5 |     2 ||    10
       Lightning Bolt    |       |       |     5 |     8 ||    13
       Iskenderun's Batt |       |       |     1 |       ||     1
 Abil: Evoke Invisibilit |       |     3 |     4 |     1 ||     8
  Use: Scroll            |       |       |     1 |       ||     1
       Potion            |       |       |       |     2 ||     2
Armor: Robe              |     1 |       |       |       ||     1
Dodge: Dodged            |     8 |     1 |     9 |     4 ||    22
